TOP OF THE 1ST |
University of South Carolina Gamecocks batting - Pitching for University of Arizona Wildcats : LHP Brad Guffin
|
Pitching: LHP Brad Guffin
|
|
Batting: SHB Salvador Lacosta
|
0-0: Ground out 6-3 (Groundball, 6S, EV 89.4 MPH)
|
Batting: RHB Clark Meagher
|
0-0: Ball 1-0: Called Strike 1-1: Ball 2-1: Fly out, F9 (Flyball, 9D, EV 104.4 MPH)
|
Batting: RHB Pablo Nunez
|
0-0: Swinging Strike 0-1: Called Strike 0-2: Strikes out looking
|
Top of the 1st over - 0 runs, 0 hits, 0 errors, 0 left on base; University of South Carolina 0 - University of Arizona 0 |
BOTTOM OF THE 1ST |
University of Arizona Wildcats batting - Pitching for University of South Carolina Gamecocks : RHP Emmanuel Godfrey
|
Pitching: RHP Emmanuel Godfrey
|
|
Batting: RHB Costantino Dolfini
|
0-0: Called Strike 0-1: Called Strike 0-2: Foul Ball, location: 2F 0-2: Ground out U3 (Groundball, 34, EV 101.2 MPH)
|
Batting: RHB Al Blanchard
|
0-0: Reached on error, E4 (Groundball, 34D, EV 99.4 MPH)
|
Batting: SHB Eric Kelley
|
0-0: Fly out, F6 (Popup, 15, EV 74.4 MPH)
|
Batting: RHB Ricky Aguilar
|
0-0: Foul Ball, location: 2F 0-1: Ball 1-1: Ball 2-1: Foul Ball, location: 2F 2-2: Ball 3-2: Fly out, F9 (Flyball, 9, EV 85.0 MPH)
|
Bottom of the 1st over - 0 runs, 0 hits, 1 error, 1 left on base; University of South Carolina 0 - University of Arizona 0 |
TOP OF THE 2ND |
University of South Carolina Gamecocks batting - Pitching for University of Arizona Wildcats : LHP Brad Guffin
|
Batting: RHB Ruben Domingues
|
0-0: Called Strike 0-1: Ball 1-1: Swinging Strike 1-2: Ball 2-2: Foul Ball, location: 2F 2-2: Foul Ball, location: 2F 2-2: Ball 3-2: Foul Ball, location: 2F 3-2: Fly out, F9 (Flyball, 89D, EV 100.6 MPH)
|
Batting: SHB John Husson
|
0-0: Ball 1-0: Called Strike 1-1: SINGLE (Groundball, 4MD, EV 94.4 MPH)
|
Batting: RHB Jeff McClellan
|
0-0: Ball 1-0: Ball 2-0: Ball 3-0: Called Strike 3-1: Fielders Choice at 2nd, 4-6 (Groundball, 4S, EV 88.1 MPH)
|
Batting: SHB Bobby Love
|
0-0: Called Strike 0-1: Called Strike 0-2: Foul Ball, location: 2F 0-2: Ball 1-2: Strikes out swinging
|
Top of the 2nd over - 0 runs, 1 hit, 0 errors, 1 left on base; University of South Carolina 0 - University of Arizona 0 |
BOTTOM OF THE 2ND |
University of Arizona Wildcats batting - Pitching for University of South Carolina Gamecocks : RHP Emmanuel Godfrey
|
Batting: RHB Arnaud Derosiers
|
0-0: Ball 1-0: Foul Ball, location: 2F 1-1: SINGLE (Groundball, 34D, EV 102.5 MPH)
|
Batting: RHB Daniel Wise
|
0-0: Swinging Strike 0-1: Ball 1-1: Fly out, F8 (Line Drive, 8LM, EV 93.1 MPH)
|
Batting: RHB Melvin Nava
|
0-0: Swinging Strike 0-1: Ball 1-1: Ball 2-1: Ball 3-1: Foul Ball, location: 2F 3-2: Fielders Choice at 2nd, 6-4 (Groundball, 56, EV 98.1 MPH)
|
Batting: RHB Matt Peddle
|
0-0: Ball 1-0: Ball 2-0: Called Strike 2-1: Foul Ball, location: 2F 2-2: Fielders Choice at 2nd, 5-4 (Groundball, 5L, EV 95.6 MPH)
|
Bottom of the 2nd over - 0 runs, 1 hit, 0 errors, 1 left on base; University of South Carolina 0 - University of Arizona 0 |
TOP OF THE 3RD |
University of South Carolina Gamecocks batting - Pitching for University of Arizona Wildcats : LHP Brad Guffin
|
Batting: LHB Jeremy Nuzzo
|
0-0: Ball 1-0: Ball 2-0: SINGLE (Line Drive, 9S, EV 100.0 MPH)
|
Batting: RHB Victor Dominguez
|
0-0: Ball 1-0: Swinging Strike 1-1: Called Strike 1-2: Ball 2-2: Ball 3-2: Foul Ball, location: 2F 3-2: Fly out, F6 (Flyball, 56D, EV 84.4 MPH)
|
Batting: SHB Salvador Lacosta
|
0-0: Ball 1-0: SINGLE (Line Drive, 4MD, EV 96.9 MPH) Jeremy Nuzzo to second
|
Batting: RHB Clark Meagher
|
0-0: Ball 1-0: Ball 2-0: Called Strike 2-1: Swinging Strike 2-2: Strikes out swinging
|
Batting: RHB Pablo Nunez
|
0-0: Ball 1-0: SINGLE (Flyball, 6MD, EV 86.9 MPH) Jeremy Nuzzo to third Salvador Lacosta to second Runner from 3rd tries for Home, throw by CF and OUT! 8-2
|
Top of the 3rd over - 0 runs, 3 hits, 0 errors, 2 left on base; University of South Carolina 0 - University of Arizona 0 |
BOTTOM OF THE 3RD |
University of Arizona Wildcats batting - Pitching for University of South Carolina Gamecocks : RHP Emmanuel Godfrey
|
Batting: RHB Zion Campbell
|
0-0: Ball 1-0: Fly out, F9 (Flyball, 9, EV 88.8 MPH)
|
Batting: RHB Costantino Dolfini
|
0-0: Called Strike 0-1: Called Strike 0-2: Ball 1-2: Strikes out looking
|
Batting: RHB Al Blanchard
|
0-0: Ball 1-0: Swinging Strike 1-1: Ball 2-1: Foul Ball, location: 2F 2-2: Ground out 6-3 (Groundball, 56, EV 102.5 MPH)
|
Bottom of the 3rd over - 0 runs, 0 hits, 0 errors, 0 left on base; University of South Carolina 0 - University of Arizona 0 |
TOP OF THE 4TH |
University of South Carolina Gamecocks batting - Pitching for University of Arizona Wildcats : LHP Brad Guffin
|
Batting: RHB Ruben Domingues
|
0-0: Foul Ball, location: 2F 0-1: Fly out, F7 (Flyball, 7S, EV 81.2 MPH)
|
Batting: SHB John Husson
|
0-0: Ball 1-0: Called Strike 1-1: Ball 2-1: Ball 3-1: Swinging Strike 3-2: Fly out, F7 (Flyball, 7LM, EV 91.2 MPH)
|
Batting: RHB Jeff McClellan
|
0-0: Ball 1-0: Called Strike 1-1: Ball 2-1: Swinging Strike 2-2: Strikes out swinging
|
Top of the 4th over - 0 runs, 0 hits, 0 errors, 0 left on base; University of South Carolina 0 - University of Arizona 0 |
BOTTOM OF THE 4TH |
University of Arizona Wildcats batting - Pitching for University of South Carolina Gamecocks : RHP Emmanuel Godfrey
|
Batting: SHB Eric Kelley
|
0-0: Ball 1-0: SINGLE (Groundball, 34, EV 95.0 MPH)
|
Batting: RHB Ricky Aguilar
|
0-0: Called Strike 0-1: Ball 1-1: Foul Ball, location: 2F 1-2: Fly out, F8 (Flyball, 8LXD, EV 80.6 MPH)
|
Batting: RHB Arnaud Derosiers
|
0-0: Fly out, F4 (Popup, 4, EV 57.5 MPH)
|
Batting: RHB Daniel Wise
|
0-0: Ball 1-0: Fly out, F8 (Line Drive, 8RD, EV 99.4 MPH)
|
Bottom of the 4th over - 0 runs, 1 hit, 0 errors, 1 left on base; University of South Carolina 0 - University of Arizona 0 |
TOP OF THE 5TH |
University of South Carolina Gamecocks batting - Pitching for University of Arizona Wildcats : LHP Brad Guffin
|
Batting: SHB Bobby Love
|
0-0: SINGLE (Groundball, 34D, EV 103.1 MPH)
|
Batting: LHB Jeremy Nuzzo
|
0-0: Ball 1-0: Ball 2-0: Ball 3-0: Called Strike 3-1: Foul Ball, location: 2F 3-2: Foul Ball, location: 2F 3-2: Ground out 5-3 (Groundball, 5, EV 77.5 MPH) Bobby Love to second
|
Batting: RHB Victor Dominguez
|
0-0: Called Strike 0-1: Ground out 6-3 (Groundball, 6, EV 93.8 MPH) Bobby Love to third
|
Batting: SHB Salvador Lacosta
|
0-0: Fly out, F8 (Flyball, 8RD, EV 101.2 MPH)
|
Top of the 5th over - 0 runs, 1 hit, 0 errors, 1 left on base; University of South Carolina 0 - University of Arizona 0 |
BOTTOM OF THE 5TH |
University of Arizona Wildcats batting - Pitching for University of South Carolina Gamecocks : RHP Emmanuel Godfrey
|
Batting: RHB Melvin Nava
|
0-0: Called Strike 0-1: Swinging Strike 0-2: Ball 1-2: Ball 2-2: Strikes out looking
|
Batting: RHB Matt Peddle
|
0-0: SINGLE (Groundball, 5S, EV 68.8 MPH) (infield hit)
|
Batting: RHB Zion Campbell
|
0-0: Called Strike 0-1: Swinging Strike 0-2: Foul Ball, location: 2F 0-2: Strikes out swinging
|
Batting: RHB Costantino Dolfini
|
0-0: Ball 1-0: Ball 2-0: Ball 3-0: Called Strike 3-1: Swinging Strike 3-2: Strikes out swinging
|
Bottom of the 5th over - 0 runs, 1 hit, 0 errors, 1 left on base; University of South Carolina 0 - University of Arizona 0 |
TOP OF THE 6TH |
University of South Carolina Gamecocks batting - Pitching for University of Arizona Wildcats : LHP Brad Guffin
|
Batting: RHB Clark Meagher
|
0-0: Ball 1-0: Fly out, F8 (Flyball, 8LM, EV 77.5 MPH)
|
Pitching: RHP Joe Mulholland
|
|
Batting: RHB Pablo Nunez
|
0-0: SOLO HOME RUN (Flyball, 78XD, EV 102.5 MPH), Distance : 388 ft
|
Batting: RHB Ruben Domingues
|
0-0: Ground out 2-3 (Groundball, 13S, EV 70.6 MPH)
|
Batting: SHB John Husson
|
0-0: Swinging Strike 0-1: Fly out, F7 (Line Drive, 7, EV 95.6 MPH)
|
Top of the 6th over - 1 run, 1 hit, 0 errors, 0 left on base; University of South Carolina 1 - University of Arizona 0 |
BOTTOM OF THE 6TH |
University of Arizona Wildcats batting - Pitching for University of South Carolina Gamecocks : RHP Emmanuel Godfrey
|
Batting: RHB Al Blanchard
|
0-0: Foul Ball, location: 2F 0-1: Ball 1-1: Fly out, F8 (Line Drive, 8LD, EV 85.6 MPH)
|
Batting: SHB Eric Kelley
|
0-0: Ball 1-0: Ball 2-0: Ball 3-0: Called Strike 3-1: SOLO HOME RUN (Flyball, 8RXD, EV 116.2 MPH), Distance : 447 ft
|
Batting: RHB Ricky Aguilar
|
0-0: Ball 1-0: Swinging Strike 1-1: Swinging Strike 1-2: Ball 2-2: Foul Ball, location: 2F 2-2: Foul Ball, location: 2F 2-2: DOUBLE (Flyball, 78D, EV 98.1 MPH)
|
Pitching: LHP Kichizo Nakazawa
|
|
Batting: RHB Arnaud Derosiers
|
0-0: Foul Ball, location: 2F 0-1: Called Strike 0-2: Ball 1-2: Foul Ball, location: 2F 1-2: SINGLE (Line Drive, 56D, EV 111.2 MPH) Ricky Aguilar to third
|
Batting: RHB Daniel Wise
|
0-0: Ball 1-0: Foul Ball, location: 2F 1-1: Fly out, F9 (Flyball, 89XD, EV 81.2 MPH) Runner from 3rd tags up, SCORES, no throw by RF
|
Batting: RHB Melvin Nava
|
0-0: Called Strike 0-1: Called Strike 0-2: Foul Ball, location: 2F 0-2: Strikes out looking
|
Bottom of the 6th over - 2 runs, 3 hits, 0 errors, 1 left on base; University of South Carolina 1 - University of Arizona 2 |
TOP OF THE 7TH |
University of South Carolina Gamecocks batting - Pitching for University of Arizona Wildcats : RHP Joe Mulholland
|
Batting: RHB Jeff McClellan
|
0-0: Called Strike 0-1: Ground out 4-3 (Groundball, 4S, EV 85.6 MPH)
|
Batting: SHB Bobby Love
|
0-0: Called Strike 0-1: Fly out, F2 (Popup, 2LF, EV 88.1 MPH)
|
Batting: LHB Jeremy Nuzzo
|
0-0: Ground out U3 (Groundball, 34, EV 104.4 MPH)
|
Top of the 7th over - 0 runs, 0 hits, 0 errors, 0 left on base; University of South Carolina 1 - University of Arizona 2 |
BOTTOM OF THE 7TH |
University of Arizona Wildcats batting - Pitching for University of South Carolina Gamecocks : LHP Kichizo Nakazawa
|
Batting: RHB Matt Peddle
|
0-0: Ball 1-0: Ball 2-0: Called Strike 2-1: Foul Ball, location: 2F 2-2: Strikes out looking
|
Batting: RHB Zion Campbell
|
0-0: Called Strike 0-1: Foul Ball, location: 2F 0-2: Hit by Pitch
|
Batting: RHB Costantino Dolfini
|
0-0: Foul Ball, location: 2F 0-1: Foul Ball, location: 2F 0-2: Ball 1-2: Fielders Choice at 2nd, 6-4 (Groundball, 6, EV 85.6 MPH)
|
Batting: RHB Al Blanchard
|
0-0: Ball 1-0: Ball 2-0: Ball 3-0: Called Strike 3-1: Called Strike 3-2: Base on Balls Costantino Dolfini to second
|
Pitching: LHP Pedro Botello
|
|
Batting: SHB Eric Kelley
|
0-0: Ball Wild Pitch! Costantino Dolfini to third Al Blanchard to second 1-0: Called Strike 1-1: Foul Ball, location: 2F 1-2: Ground out U3 (Groundball, 3S, EV 80.6 MPH)
|
Bottom of the 7th over - 0 runs, 0 hits, 0 errors, 2 left on base; University of South Carolina 1 - University of Arizona 2 |
TOP OF THE 8TH |
University of South Carolina Gamecocks batting - Pitching for University of Arizona Wildcats : RHP Joe Mulholland
|
Batting: RHB Victor Dominguez
|
0-0: Ball 1-0: Swinging Strike 1-1: Ball 2-1: Foul Ball, location: 2F 2-2: Ball 3-2: SINGLE (Groundball, 4D, EV 104.4 MPH)
|
Pitching: LHP David Zuniga
|
|
Pinch Hitting: RHB Juan Acero
|
0-0: Called Strike 0-1: Foul Ball, location: 2F 0-2: Ball 1-2: Foul Ball, location: 2F 1-2: Strikes out swinging
|
Batting: RHB Clark Meagher
|
0-0: Ball 1-0: Called Strike 1-1: Ball 2-1: Foul Ball, location: 2F 2-2: Foul Ball, location: 2F 2-2: Ball 3-2: SINGLE (Groundball, P, EV 81.9 MPH) (infield hit) Victor Dominguez to second
|
Pinch Hitting: RHB Eddie Dimas
|
0-0: SINGLE (Groundball, 56D, EV 94.4 MPH) Victor Dominguez to third Clark Meagher to second Runner from 3rd tries for Home, SAFE, throw by LF to home
|
Batting: RHB Ruben Domingues
|
0-0: Called Strike 0-1: Ball 1-1: Called Strike 1-2: Strikes out looking
|
Batting: SHB John Husson
|
0-0: Ball 1-0: Called Strike 1-1: Fly out, F8 (Flyball, 8LS, EV 95.6 MPH)
|
Top of the 8th over - 1 run, 3 hits, 0 errors, 2 left on base; University of South Carolina 2 - University of Arizona 2 |
BOTTOM OF THE 8TH |
University of Arizona Wildcats batting - Pitching for University of South Carolina Gamecocks : LHP Pedro Botello
|
Now at SS: Jose Simental
|
|
Now in LF: Eddie Dimas
|
|
Pinch Hitting: RHB David Powell
|
0-0: Fly out, F9 (Flyball, 9LD, EV 95.6 MPH)
|
Batting: RHB Arnaud Derosiers
|
0-0: SINGLE (Line Drive, 6D, EV 96.9 MPH)
|
Batting: RHB Daniel Wise
|
0-0: Fielders Choice at 2nd, 6-4 (Groundball, 6, EV 102.5 MPH)
|
Batting: RHB Melvin Nava
|
0-0: Fielders Choice at 2nd, 5-4 (Groundball, 5, EV 101.2 MPH)
|
Bottom of the 8th over - 0 runs, 1 hit, 0 errors, 1 left on base; University of South Carolina 2 - University of Arizona 2 |
TOP OF THE 9TH |
University of South Carolina Gamecocks batting - Pitching for University of Arizona Wildcats : LHP David Zuniga
|
Pitching: RHP Denzel McPherson
|
|
Now in RF: Randy Barry
|
|
Batting: RHB Jeff McClellan
|
0-0: Called Strike 0-1: Called Strike 0-2: Ball 1-2: Ball 2-2: Ground out 6-3 (Groundball, 56, EV 105.0 MPH)
|
Batting: SHB Bobby Love
|
0-0: Called Strike 0-1: Ball 1-1: Ball 2-1: Ball 3-1: SINGLE (Groundball, 6, EV 99.4 MPH)
|
Batting: LHB Jeremy Nuzzo
|
0-0: Ball 1-0: Foul Ball, location: 2F 1-1: Foul Ball, location: 2F 1-2: Strikes out looking
|
Batting: RHB Victor Dominguez
|
0-0: Called Strike 0-1: Ball 1-1: Ball 2-1: Ball 3-1: Base on Balls Bobby Love to second
|
Batting: LHB Jose Simental
|
0-0: Called Strike 0-1: Ball 1-1: Reached on error, E6 (Groundball, 6, EV 95.6 MPH) Bobby Love to third Victor Dominguez to second
|
Batting: RHB Clark Meagher
|
0-0: Called Strike 0-1: Ball 1-1: Foul Ball, location: 2F 1-2: Strikes out swinging
|
Top of the 9th over - 0 runs, 1 hit, 1 error, 3 left on base; University of South Carolina 2 - University of Arizona 2 |
BOTTOM OF THE 9TH |
University of Arizona Wildcats batting - Pitching for University of South Carolina Gamecocks : LHP Pedro Botello
|
Batting: RHB Matt Peddle
|
0-0: Called Strike 0-1: Fly out, F2 (Popup, 2LF, EV 93.1 MPH)
|
Batting: RHB Shing Mah
|
0-0: Called Strike 0-1: Foul Ball, location: 2F 0-2: Fly out, F8 (Flyball, 8LD, EV 89.4 MPH)
|
Batting: RHB Costantino Dolfini
|
0-0: Ball 1-0: Called Strike 1-1: Swinging Strike 1-2: Fly out, F7 (Flyball, 78D, EV 92.5 MPH)
|
Bottom of the 9th over - 0 runs, 0 hits, 0 errors, 0 left on base; University of South Carolina 2 - University of Arizona 2 |
TOP OF THE 10TH |
University of South Carolina Gamecocks batting - Pitching for University of Arizona Wildcats : RHP Denzel McPherson
|
Batting: RHB Eddie Dimas
|
0-0: Called Strike 0-1: Swinging Strike 0-2: Strikes out swinging
|
Batting: RHB Ruben Domingues
|
0-0: Ball 1-0: Ground out 5-3 (Groundball, 56, EV 86.9 MPH)
|
Batting: SHB John Husson
|
0-0: Foul Ball, location: 2F 0-1: Ground out U3 (Groundball, 3, EV 96.9 MPH)
|
Top of the 10th over - 0 runs, 0 hits, 0 errors, 0 left on base; University of South Carolina 2 - University of Arizona 2 |
BOTTOM OF THE 10TH |
University of Arizona Wildcats batting - Pitching for University of South Carolina Gamecocks : LHP Pedro Botello
|
Pitching: RHP Kareem Linz
|
|
Batting: RHB Al Blanchard
|
0-0: Ball 1-0: Called Strike 1-1: Swinging Strike 1-2: Foul Ball, location: 2F 1-2: Ball 2-2: Strikes out swinging
|
Batting: SHB Eric Kelley
|
0-0: Ball 1-0: Fly out, F8 (Flyball, 8RXD, EV 100.0 MPH)
|
Batting: RHB Randy Barry
|
0-0: Ball 1-0: Ball 2-0: SOLO HOME RUN (Flyball, 7D, EV 98.8 MPH), Distance : 363 ft
|
Bottom of the 10th over - 1 run, 1 hit, 0 errors, 0 left on base; University of South Carolina 2 - University of Arizona 3 |
|
Game Over ... University of Arizona defeats University of South Carolina, 3 to 2
|
|
|